AoeStats
← Pfnatsch

African Clearing

510341142Analyzed
3v3 RM · 8h ago on Sep 30, 2026· 45m 5s· 6 players
Game mode
Random Map
Map size
Normal (6 player)
Population
200
Speed
Normal
Resources
Standard
Victory
Conquest
Starting age
Dark Age
Ending age
Imperial Age
RankedLock teamsTeams togetherTeam positionsShared explorationLock speedFull tech treeHidden civsTurbo modeCheats
Victory
Defeat
🇰🇷 Mongols · South Korea
1666
+4
🇨🇳 Vietnamese · China
1342
+12
🇨🇳 Burgundians · China
1267
+15
🇩🇪 Danes · Germany
1315
-11
🇩🇪 Saxons · Germany
1306
-11
🇩🇪 Spanish · Germany
1255
-9
big ritard pleyer
9:15 Loom
9:20 Loom
11:45 Feudal Age
16:14 Castle Age
17:41 Fletching
27:26 Scale Mail Armor
29:59 Horse Collar
30:57 Double-Bit Axe
32:28 Bodkin Arrow
33:15 Ballistics
34:47 Forging
34:32 Gold Mining
35:43 Guard Tower
37:49 Chain Mail Armor
38:09 Iron Casting
38:17 Iron Casting
40:44 Masonry
41:15 Squires
41:00 Gambesons
41:01 Arson
Spirit
7:19 Loom
13:45 Feudal Age
13:51 Man-at-Arms
23:45 Castle Age
25:02 Double-Bit Axe
Pfnatsch
5:04 Loom
14:24 Feudal Age
15:48 Double-Bit Axe
20:35 Castle Age
19:23 Forging
21:54 Fletching
24:34 Castle Age
24:45 Padded Archer Armor
25:59 Bodkin Arrow
26:42 Bow Saw
27:35 Elite Skirmisher
38:25 Leather Archer Armor
수상
13:14 Feudal Age
15:46 Loom
18:35 Castle Age
19:37 Fletching
20:21 Bodkin Arrow
24:40 Double-Bit Axe
28:30 Ballistics
32:43 Bow Saw
36:07 Nomads
37:00 Padded Archer Armor
37:52 Bloodlines
39:43 Gold Mining
39:43 Stone Mining
40:55 Wheelbarrow
40:06 Town Watch
_TY_梦涯
3:03 Loom
12:44 Feudal Age
13:44 Double-Bit Axe
18:13 Castle Age
17:45 Stone Mining
17:52 Gold Mining
17:57 Horse Collar
19:29 Bow Saw
23:26 Heavy Plow
27:45 Town Watch
31:48 Wheelbarrow
34:06 Imperial Age
33:02 Stone Shaft Mining
33:13 Coinage
32:37 Fletching
32:47 Padded Archer Armor
33:22 Elite Skirmisher
34:08 Thumb Ring
33:29 Crossbowman
34:53 Hand Cart
34:37 Bodkin Arrow
36:12 Chemistry
36:04 Guilds
36:33 Imperial Skirmisher
37:35 Bracer
38:14 Paper Money
39:02 Padded Archer Armor
39:39 Ballistics
39:01 Treadmill Crane
40:35 Leather Archer Armor
42:09 Bombard Tower
42:03 Masonry
44:09 Ring Archer Armor
胡乱敲键盘
12:39 Feudal Age
13:49 Double-Bit Axe
14:34 Loom
18:06 Castle Age
19:17 Scale Barding Armor
21:01 Wheelbarrow
21:01 Husbandry
24:04 Cavalier
24:49 Horse Collar
25:52 Chain Barding Armor
30:07 Bow Saw
33:45 Gold Mining
34:37 Heavy Plow
36:38 Hand Cart
40:57 Imperial Age
41:12 Paladin
42:51 Plate Barding Armor
42:27 Forging
44:58 Iron Casting
Connection lost

Rejoining the realm…

Still unreachable

The connection could not be restored.

Session expired

The server has moved on; the page needs a fresh start.